[Event "Titled Tuesday Blitz January 31 Late 2023"]
[White "Avila Pavas, Santiago"]
[Black "Andreikin, Dmitry"]
[WhiteFideId "4437128"]
[BlackFideId "4158814"]
[WhiteElo "2522"]
[BlackElo "2729"]
[Result "0-1"]
[Round "03"]
[TimeControl "180+2"]
[Date "2023.01.31"]
[WhiteClock "0:00:43"]
[BlackClock "0:01:46"]

1. d4 d5 2. Bf4 Nf6 3. e3 g6 4. Nf3 Bg7 5. Nbd2 O-O 6. Bd3 c5 7. c3 Nc6 8. O-O Nh5 9. Bg5 h6 10. Bh4 Qb6 11. Rb1 cxd4 12. cxd4 Nb4 13. Be2 Bf5 14. Ra1 Bc2 15. Qc1 Rfc8 16. Bxe7 Nd3 17. Bxd3 Bxd3 18. Bc5 Qa6 19. Re1 b6 20. b4 bxc5 21. bxc5 Rab8 22. Qc3 Nf6 23. Ne5 Bf5 24. a4 Ne4 25. Nxe4 Bxe4 26. Nf3 g5 27. Nd2 Bg6 28. Rec1 f5 29. Nb3 f4 30. Qa5 Qe2 31. Re1 Qc2 32. Nd2 fxe3 33. fxe3 Rb2 34. Re2 Qd3 35. Rae1 Re8 36. Kf2 Rc2 37. Nf3 Qxe3+ 0-1


[Site "https://www.chess.com"]

[Event "Titled Tuesday Blitz January 31 Late 2023"]
[White "Duda, Jan-Krzysztof"]
[Black "Salimova, Nurgyul"]
[WhiteFideId "1170546"]
[BlackFideId "2915138"]
[WhiteElo "2724"]
[BlackElo "2391"]
[Result "1-0"]
[Round "03"]
[TimeControl "180+2"]
[Date "2023.01.31"]
[WhiteClock "0:01:58"]
[BlackClock "0:00:13"]

1. d4 Nf6 2. Bg5 d5 3. Bxf6 exf6 4. e3 c6 5. g3 Bd6 6. Bg2 f5 7. Ne2 Nd7 8. b3 Nf6 9. c4 Be6 10. Qc2 g6 11. O-O h5 12. h4 Kf8 13. Nd2 Kg7 14. a3 a5 15. Rfc1 Qe7 16. Qb2 Ng4 17. Nf3 a4 18. b4 dxc4 19. d5+ Kh6 20. dxe6 Qxe6 21. Ned4 Qe7 22. Qd2 Kg7 23. Rxc4 Rad8 24. Qc3 Nf6 25. Bh3 Kh7 26. Bxf5 gxf5 27. Nxf5 1-0


[Site "https://www.chess.com"]

[Event "Titled Tuesday Blitz January 31 Late 2023"]
[White "Pranav, V"]
[Black "Riehle, Marco"]
[WhiteFideId "25060783"]
[BlackFideId "12904392"]
[WhiteElo "2597"]
[BlackElo "2368"]
[Result "0-1"]
[Round "03"]
[TimeControl "180+2"]
[Date "2023.01.31"]
[WhiteClock "0:00:38"]
[BlackClock "0:01:15"]

1. e4 e5 2. Nf3 Nf6 3. Nxe5 Nxe4 4. Qe2 Qe7 5. Qxe4 d6 6. d4 dxe5 7. dxe5 Nc6 8. f4 Bg4 9. Bb5 O-O-O 10. Nc3 Nd4 11. Bd3 Qh4+ 12. Kf1 Bc5 13. Qe1 Qh5 14. Ne4 Bb6 15. h3 Bf5 16. Be3 Nf3 17. Qe2 Bxe3 18. Qxf3 Qxf3+ 19. gxf3 Bxf4 20. Nd6+ cxd6 21. Bxf5+ Kc7 22. exd6+ Rxd6 23. Re1 Rd2 24. Bd3 Rd8 25. Rg1 g5 26. Rg2 Rxg2 27. Kxg2 h6 28. Re4 b6 29. h4 f6 30. h5 Be5 31. b3 Kd6 32. Rd4+ Bxd4 0-1


[Site "https://www.chess.com"]

[Event "Titled Tuesday Blitz January 31 Late 2023"]
[White "Deac, Bogdan-Daniel"]
[Black "Karolczuk, Iwo"]
[WhiteFideId "1226380"]
[BlackFideId "21816972"]
[WhiteElo "2700"]
[BlackElo "2343"]
[Result "1-0"]
[Round "03"]
[TimeControl "180+2"]
[Date "2023.01.31"]
[WhiteClock "0:01:33"]
[BlackClock "0:01:30"]

1. b3 e5 2. Bb2 Nc6 3. Nf3 e4 4. Nd4 Qf6 5. e3 Bc5 6. c3 Nge7 7. d3 exd3 8. Bxd3 O-O 9. Qh5 g6 10. Qxc5 Ne5 11. Be2 b6 12. Qa3 c5 13. Nf3 Bb7 14. Nbd2 1-0


[Site "https://www.chess.com"]

[Event "Titled Tuesday Blitz January 31 Late 2023"]
[White "Bryakin, Mikhail"]
[Black "Salem, A.R. Saleh"]
[WhiteFideId "4165314"]
[BlackFideId "9301348"]
[WhiteElo "2455"]
[BlackElo "2677"]
[Result "0-1"]
[Round "03"]
[TimeControl "180+2"]
[Date "2023.01.31"]
[WhiteClock "0:01:43"]
[BlackClock "0:01:56"]

1. c4 c5 2. Nf3 Nf6 3. g3 d5 4. cxd5 Nxd5 5. Bg2 Nc6 6. d4 cxd4 7. Nxd4 Ndb4 8. Nxc6 Qxd1+ 9. Kxd1 Nxc6 10. Bxc6+ bxc6 11. Nc3 h5 12. h4 e5 13. Be3 Be6 14. b3 Ba3 15. Bc1 Bc5 16. f3 Rd8+ 17. Kc2 Bf2 18. Ne4 Bf5 19. Kc3 Bd4+ 0-1


[Site "https://www.chess.com"]

[Event "Titled Tuesday Blitz January 31 Late 2023"]
[White "Indjic, Aleksandar"]
[Black "Trost, Edvin"]
[WhiteFideId "911925"]
[BlackFideId "1729519"]
[WhiteElo "2618"]
[BlackElo "2399"]
[Result "1-0"]
[Round "03"]
[TimeControl "180+2"]
[Date "2023.01.31"]
[WhiteClock "0:00:26"]
[BlackClock "0:00:01"]

1. d4 Nf6 2. Nf3 b6 3. Bg5 Bb7 4. Nbd2 g6 5. e3 Bg7 6. Bd3 d5 7. a4 O-O 8. c3 c5 9. h4 Nc6 10. Bf4 Ng4 11. h5 e5 12. dxe5 Ngxe5 13. Nxe5 Nxe5 14. Bxe5 Bxe5 15. hxg6 hxg6 16. Qg4 Kg7 17. Nf3 Qf6 18. Nxe5 Qxe5 19. O-O-O Bc6 20. Bc2 Rh8 21. Qf3 Rac8 22. Rxh8 Rxh8 23. c4 Rd8 24. Bb3 Ba8 25. cxd5 c4 26. Bxc4 Rc8 27. Rd4 a6 28. Kb1 b5 29. axb5 axb5 30. Bb3 Qc7 31. Rd1 Qd6 32. Qe4 Bb7 33. Qd4+ f6 34. f4 Ra8 35. g3 b4 36. e4 Qa6 37. e5 Bc8 38. e6 Bb7 39. g4 Qa1+ 40. Kc2 Qa6 41. g5 Rf8 42. Kb1 Qd6 43. Re1 Ba6 44. e7 Re8 45. Re6 1-0


[Site "https://www.chess.com"]

[Event "Titled Tuesday Blitz January 31 Late 2023"]
[White "Quispe Arteaga, Gabriel"]
[Black "Hakobyan, Aram"]
[WhiteFideId "32059809"]
[BlackFideId "13306677"]
[WhiteElo "2381"]
[BlackElo "2608"]
[Result "1/2-1/2"]
[Round "03"]
[TimeControl "180+2"]
[Date "2023.01.31"]
[WhiteClock "0:00:05"]
[BlackClock "0:00:13"]

1. c4 g6 2. g3 Bg7 3. Bg2 d6 4. e4 c5 5. Ne2 Nc6 6. O-O h5 7. h3 Nf6 8. d3 Nd7 9. Nbc3 h4 10. g4 e5 11. Nd5 g5 12. b4 Nxb4 13. Nxb4 cxb4 14. Qa4 a5 15. a3 Ra6 16. Be3 bxa3 17. Qxa3 O-O 18. Nc3 Nc5 19. Bxc5 dxc5 20. Qxc5 Qxd3 21. Nd5 Qd4 22. Rxa5 Rxa5 23. Qxa5 Qxc4 24. Qb6 Kh7 25. Nf6+ Kh8 26. Nh5 Qe6 27. Qc5 b6 28. Qb4 Rd8 29. Rb1 Bf8 30. Qxb6 Rd1+ 31. Kh2 Qxb6 32. Rxb6 Bc5 33. Rb8 Rd8 34. Kg1 Be7 35. Bf1 Be6 36. Rxd8+ Bxd8 37. Kg2 Kg8 38. Kf3 f6 39. Be2 Kf7 40. Bb5 Bb6 41. Bc6 Ke7 42. Bd5 Bd7 43. Bc4 Ba4 44. Ng7 Bd1+ 45. Be2 Bb3 46. Nf5+ Kd8 47. Ne3 Bc5 48. Nd5 Be7 49. Bd3 Kd7 50. Ne3 Bc5 51. Bc4 Ba4 52. Nd5 Be7 53. Nb6+ Kc6 54. Nxa4 Bd8 55. Bd5+ Kb5 56. Nc3+ Kc5 57. Nd1 Kd4 58. Ne3 Kd3 59. Nf5 Kd2 60. Nd6 Ke1 61. Ne8 Be7 62. Ng7 Kf1 63. Nf5 Bd8 64. Ne3+ Kg1 65. Bc4 Kh2 66. Bf1 Kg1 67. Bg2 Bb6 68. Nd5 Bd8 69. Nc3 Bb6 70. Ne2+ Kh2 71. Nc1 Bc5 72. Nd3 Bb6 73. Ne1 Kg1 74. Nd3 Kh2 75. Bf1 Kg1 76. Ke2 Kh2 77. f3 Kg3 78. Ne1 Bf2 79. Nc2 Bc5 80. Ne3 Bb6 81. Nf5+ Kh2 82. Nd6 Kg3 83. Nc4 Bc5 84. Ne3 Bb6 85. Nf5+ Kh2 86. f4 exf4 87. Kf3 Kg1 88. Bg2 Bc5 89. Nh6 Bd4 90. Ng8 Be5 91. Ne7 Bd4 92. Nf5 Be5 93. Nh6 Bd4 94. Nf7 Be5 95. Nd8 Bd4 96. Nc6 Be5 97. Nb4 Bc3 98. Nc2 Be5 99. Ne1 Bc3 100. Nd3 Bd4 101. Nb4 Be5 102. Nd5 Bb2 103. Nb4 Bc3 104. Nd3 Be5 105. Nc1 Bb2 106. Ne2+ Kh2 107. Kf2 Ba3 108. Kf1 Bc5 109. Nc1 Kg3 110. Ne2+ Kh2 111. Nc3 Kg3 112. Ne2+ Kh2 1/2-1/2


[Site "https://www.chess.com"]

[Event "Titled Tuesday Blitz January 31 Late 2023"]
[White "Paveto, Kevin"]
[Black "Sanal, Vahap"]
[WhiteFideId "173444"]
[BlackFideId "6300545"]
[WhiteElo "2427"]
[BlackElo "2600"]
[Result "0-1"]
[Round "03"]
[TimeControl "180+2"]
[Date "2023.01.31"]
[WhiteClock "0:00:14"]
[BlackClock "0:00:07"]

1. e4 c5 2. Nf3 e6 3. d4 cxd4 4. Nxd4 a6 5. c4 Nf6 6. Nc3 d6 7. Be2 Be7 8. O-O b6 9. f4 Qc7 10. b4 Nbd7 11. Bb2 O-O 12. Rc1 Re8 13. Qd3 Bb7 14. Kh1 Rac8 15. Qg3 Bf8 16. Bd3 Qb8 17. f5 e5 18. Nc2 Qa8 19. Rfe1 Red8 20. Qf3 b5 21. cxb5 axb5 22. Ne3 Rxc3 23. Bxc3 Nxe4 24. Bxe4 Bxe4 25. Qg3 Nf6 26. Re2 Nh5 27. Qf2 Nf4 28. Rd2 Nd3 29. Rxd3 Bxd3 30. Rd1 Be4 31. Qd2 Rc8 32. f6 g6 33. Ng4 Bxg2+ 34. Qxg2 Qxg2+ 35. Kxg2 Rxc3 36. Rd5 Rc2+ 37. Kf3 h5 38. Nf2 Rxa2 39. Rxb5 Ra3+ 40. Kg2 d5 41. Rxd5 Bxb4 42. Rd8+ Kh7 43. Rd7 Ra2 44. Rxf7+ Kh6 45. Kf3 Kg5 46. Ne4+ Kf5 47. Ng3+ Ke6 48. Rb7 Ra3+ 49. Kg2 Ra2+ 50. Kf3 Ra3+ 51. Kg2 Bf8 52. Ne4 Kf5 53. Ng3+ Kxf6 54. Rb6+ Kf7 55. Ne4 Be7 56. Rb7 Ke6 57. Rb6+ Kf7 58. Rb7 Re3 59. Nd6+ Ke6 60. Nc4 Rc3 61. Nxe5 Rc2+ 62. Kh3 Bd6 63. Nf3 Ra2 64. Rb3 Kf5 65. Rb6 Bc7 66. Nh4+ Ke4 67. Rb4+ Kd5 68. Nf3 Kc5 69. Re4 g5 70. Ne5 g4+ 71. Kh4 Kd5 72. Re1 Rxh2+ 73. Kg5 Bxe5 74. Rd1+ Ke4 75. Re1+ Kd5 76. Rd1+ Ke6 77. Re1 g3 78. Rf1 g2 79. Rg1 h4 80. Kg4 h3 81. Kf3 Rh1 82. Rxg2 hxg2 83. Kxg2 Rh4 0-1


[Site "https://www.chess.com"]

[Event "Titled Tuesday Blitz January 31 Late 2023"]
[White "Tang, Andrew"]
[Black "Fernandez Guillen, Ernesto J."]
[WhiteFideId "2059630"]
[BlackFideId "3512428"]
[WhiteElo "2523"]
[BlackElo "2477"]
[Result "1-0"]
[Round "03"]
[TimeControl "180+2"]
[Date "2023.01.31"]
[WhiteClock "0:00:09"]
[BlackClock "0:00:04"]

1. d4 Nf6 2. c4 g6 3. f3 Bg7 4. e4 d6 5. Nc3 O-O 6. Nge2 e5 7. dxe5 dxe5 8. Qxd8 Rxd8 9. Nd5 Nxd5 10. cxd5 c6 11. Nc3 cxd5 12. Nxd5 Nc6 13. Bg5 Rd6 14. Rc1 h6 15. Be3 Be6 16. Nc7 Rad8 17. Nxe6 Rxe6 18. Bc4 Re7 19. Bd5 Nd4 20. Kd2 Kh7 21. Kd3 Ne6 22. Ke2 Nf4+ 23. Bxf4 exf4 24. Rhd1 Bxb2 25. Rb1 Be5 26. Bxb7 Rxd1 27. Kxd1 Kg7 28. Bd5 Rc7 29. Kd2 h5 30. Rb3 h4 31. Rd3 f6 32. Bb3 Kh6 33. Rd8 Kg5 34. Ke2 Rh7 35. Rg8 h3 36. Kf1 hxg2+ 37. Kxg2 Rc7 38. Ba4 Kh6 39. Kh3 Rg7 40. Re8 Kg5 41. Bc6 Rh7+ 42. Kg2 Rc7 43. Ba4 Rb7 44. Bb3 Rd7 45. Rh8 Rc7 46. h4# 1-0


[Site "https://www.chess.com"]

[Event "Titled Tuesday Blitz January 31 Late 2023"]
[White "Kozak, Adam"]
[Black "Santos Ruiz, Miguel"]
[WhiteFideId "753246"]
[BlackFideId "22291482"]
[WhiteElo "2572"]
[BlackElo "2590"]
[Result "1-0"]
[Round "03"]
[TimeControl "180+2"]
[Date "2023.01.31"]
[WhiteClock "0:00:45"]
[BlackClock "0:00:12"]

1. c4 e5 2. Nc3 Nf6 3. Nf3 Nc6 4. e4 Bc5 5. Nxe5 Nxe5 6. d4 Bb4 7. dxe5 Nxe4 8. Qf3 Nxc3 9. bxc3 Be7 10. Bf4 O-O 11. Bd3 d6 12. Rd1 Bg5 13. O-O Bxf4 14. Qxf4 Be6 15. exd6 cxd6 16. c5 d5 17. c4 d4 18. Qe4 g6 19. Qxb7 Qc8 20. c6 Rb8 21. Qxa7 Qxc6 22. Qxd4 Rfd8 23. Qf4 Qc5 24. h4 Kg7 25. Rfe1 Rb2 26. a4 Rd4 27. Qe3 Rb3 28. h5 gxh5 29. a5 Bg4 30. f3 Be6 31. Qf2 h4 32. Bc2 Rxd1 33. Qxc5 Rxe1+ 34. Kf2 Rbe3 35. Qxe3 Rxe3 36. Kxe3 Bxc4 37. Bd3 Bd5 38. a6 1-0


[Site "https://www.chess.com"]

[Event "Titled Tuesday Blitz January 31 Late 2023"]
[White "Dominguez Perez, Leinier"]
[Black "Mekhitarian, Krikor Sevag"]
[WhiteFideId "3503240"]
[BlackFideId "2107660"]
[WhiteElo "2739"]
[BlackElo "2537"]
[Result "1-0"]
[Round "03"]
[TimeControl "180+2"]
[Date "2023.01.31"]
[WhiteClock "0:00:13"]
[BlackClock "0:00:10"]

1. d4 Nf6 2. Nf3 g6 3. e3 Bg7 4. Be2 O-O 5. O-O d5 6. b4 a5 7. b5 c5 8. bxc6 Nxc6 9. a4 Bf5 10. Na3 Rc8 11. Nb5 Ne4 12. c3 Nd6 13. Qb3 Nc4 14. Nd2 Nxd2 15. Bxd2 e5 16. Rfc1 Re8 17. Bf3 Be6 18. Rab1 h5 19. h3 Bf8 20. Rd1 Qh4 21. Bxd5 exd4 22. exd4 Bxd5 23. Qxd5 Re2 24. Qf3 Rce8 25. Be3 Ra2 26. Ra1 Rxa1 27. Rxa1 Qe7 28. Rb1 Qd7 29. Bf4 Qf5 30. Rc1 Rc8 31. d5 Ne5 32. Bxe5 Qxe5 33. Rd1 Rd8 34. g3 Bc5 35. Kg2 b6 36. Rd2 Kg7 37. c4 Rd7 38. Re2 Qa1 39. Qc3+ Qxc3 40. Nxc3 Rc7 41. Nb5 Rc8 42. Na7 Rc7 43. Nc6 Kf8 44. f4 Bd6 45. Kf3 Rd7 46. g4 hxg4+ 47. hxg4 Rc7 48. g5 Rd7 49. Kg4 Rc7 50. f5 gxf5+ 51. Kxf5 Rd7 52. Re3 Rc7 53. Rh3 Kg7 54. Rh6 Bc5 55. Ne5 Rc8 56. Rc6 Rh8 57. Rc7 Rh4 58. Rxf7+ Kg8 59. g6 Rh1 60. Ng4 Rf1+ 61. Ke6 Re1+ 62. Kd7 Bf8 63. Nf6+ 1-0


[Site "https://www.chess.com"]

[Event "Titled Tuesday Blitz January 31 Late 2023"]
[White "Preotu, Razvan"]
[Black "Svane, Rasmus"]
[WhiteFideId "2613280"]
[BlackFideId "4657101"]
[WhiteElo "2475"]
[BlackElo "2623"]
[Result "0-1"]
[Round "03"]
[TimeControl "180+2"]
[Date "2023.01.31"]
[WhiteClock "0:00:02"]
[BlackClock "0:00:05"]

1. e4 c6 2. Nc3 d5 3. Nf3 dxe4 4. Nxe4 Nf6 5. Qe2 Nxe4 6. Qxe4 Qa5 7. b4 Qd5 8. Qe3 Bf5 9. c4 Qe4 10. Be2 Qxe3 11. fxe3 e6 12. a3 Nd7 13. O-O a5 14. b5 Nc5 15. Nd4 Be4 16. bxc6 bxc6 17. Bf3 Bxf3 18. Rxf3 Rc8 19. Rb1 Nd3 20. Nc2 Bc5 21. Kf1 O-O 22. Ke2 Rfd8 23. Rf1 e5 24. Bb2 Nxb2 25. Rxb2 Rd7 26. d3 Rcd8 27. Rd1 f5 28. a4 g6 29. g3 Kf7 30. Rb3 Ke6 31. Rdb1 h5 32. Rd1 g5 33. h3 g4 34. hxg4 hxg4 35. Rh1 Rf8 36. Rh6+ Rf6 37. Rh5 Rff7 38. Rb8 Rb7 39. Rxb7 Rxb7 40. d4 Rb2 41. Kd3 Rb3+ 42. Kd2 exd4 43. exd4 Bb4+ 44. Nxb4 axb4 45. Rh6+ Kd7 46. Rf6 Rf3 47. Kc2 Rc3+ 48. Kb2 Rxc4 49. Rxf5 Rxd4 50. Kb3 Kd6 51. Rf6+ Kd5 52. Rf5+ Ke6 53. Rg5 Kd6 54. Rg6+ Kc5 55. Rg5+ Kb6 56. a5+ Ka6 57. Ka4 Rc4 58. Rg6 Kb7 59. Kb3 Rd4 60. Rg5 Rd3+ 61. Kxb4 Rxg3 62. Kc4 Rg1 63. Rg7+ Ka6 64. Rg6 Kxa5 65. Kc5 g3 66. Kxc6 g2 67. Rg5+ Kb4 68. Kb6 Kc3 69. Kc5 Kd3 70. Kd5 Ke3 71. Ke5 Kf3 72. Rf5+ Kg4 73. Kf6 Rf1 0-1


[Site "https://www.chess.com"]

[Event "Titled Tuesday Blitz January 31 Late 2023"]
[White "Rasulov, Vugar"]
[Black "Jaracz, Pawel"]
[WhiteFideId "13402390"]
[BlackFideId "1102222"]
[WhiteElo "2523"]
[BlackElo "2467"]
[Result "1-0"]
[Round "03"]
[TimeControl "180+2"]
[Date "2023.01.31"]
[WhiteClock "0:00:05"]
[BlackClock "0:00:04"]

1. Nf3 d5 2. c4 c6 3. e3 Nf6 4. Nc3 e6 5. d4 Nbd7 6. Bd3 dxc4 7. Bxc4 b5 8. Bd3 Bb7 9. e4 b4 10. Na4 c5 11. e5 Nd5 12. O-O cxd4 13. Re1 g6 14. Bg5 Be7 15. Bh6 N5b6 16. Bb5 a6 17. Nxb6 Qxb6 18. Bxd7+ Kxd7 19. Nxd4 Bd5 20. Rc1 Rhc8 21. Be3 Qb7 22. Qa4+ Kd8 23. Nb3 Bc6 24. Na5 Bxa4 25. Nxb7+ Kd7 26. Bc5 Rab8 27. Nd6 Bxd6 28. Bxd6 Rxc1 29. Rxc1 Rb7 30. b3 Bc6 31. f3 Rb5 32. Kf2 Rd5 33. Ke3 a5 34. Rc5 f6 35. Rxd5 Bxd5 36. Kd4 Kc6 37. Be7 f5 38. Ke3 Kb5 39. Kf4 a4 40. bxa4+ Kxa4 41. Kg5 Bxa2 42. Bc5 Bc4 43. Kh6 Bf1 44. g3 Be2 45. f4 b3 46. Bd4 Kb4 47. Kxh7 Kc4 48. Bb2 Bh5 49. Kg7 Kd5 50. Kf6 Ke4 51. Kxe6 Be2 52. Kf6 1-0


[Site "https://www.chess.com"]

[Event "Titled Tuesday Blitz January 31 Late 2023"]
[White "Babazada, Khazar"]
[Black "Corrales Jimenez, Fidel"]
[WhiteFideId "13413554"]
[BlackFideId "3506690"]
[WhiteElo "2474"]
[BlackElo "2489"]
[Result "1/2-1/2"]
[Round "03"]
[TimeControl "180+2"]
[Date "2023.01.31"]
[WhiteClock "0:00:04"]
[BlackClock "0:00:52"]

1. Nf3 Nf6 2. g3 g6 3. Bg2 Bg7 4. O-O O-O 5. c4 c6 6. d4 d5 7. Qb3 a5 8. Nc3 a4 9. Qd1 dxc4 10. Ne5 a3 11. bxa3 Nd5 12. Ne4 b5 13. e3 Bf5 14. Nc5 Bxe5 15. dxe5 Nc3 16. Qe1 Na4 17. Nxa4 Rxa4 18. Bb2 Bd3 19. e6 f6 20. Qc3 Bxf1 21. Rxf1 Qd3 22. Qc1 Rd8 23. Bf3 Qd2 24. Qa1 Qd6 25. Rd1 Qc7 26. h4 Rxd1+ 27. Bxd1 Ra7 28. h5 Qd6 29. hxg6 hxg6 30. Qb1 Kg7 31. Bc2 Qxe6 32. Bxg6 c3 33. Bxc3 Nd7 34. Bf5 Qd6 35. Kg2 Nf8 36. Qh1 Rxa3 37. Qh5 e6 38. Qg4+ Kf7 39. Bb4 Qd5+ 40. e4 Qxa2 41. Qh5+ Kg7 42. Qg4+ Kf7 43. Qh5+ Kg7 44. Qg4+ Kf7 1/2-1/2


[Site "https://www.chess.com"]

[Event "Titled Tuesday Blitz January 31 Late 2023"]
[White "Akobian, Varuzhan"]
[Black "Drygalov, Sergey"]
[WhiteFideId "13300580"]
[BlackFideId "24171743"]
[WhiteElo "2591"]
[BlackElo "2547"]
[Result "0-1"]
[Round "03"]
[TimeControl "180+2"]
[Date "2023.01.31"]
[WhiteClock "0:00:01"]
[BlackClock "0:00:06"]

1. d4 Nf6 2. c4 e6 3. Nf3 d5 4. cxd5 exd5 5. Nc3 c6 6. Qc2 g6 7. Bg5 Be7 8. e3 Bf5 9. Bd3 Bxd3 10. Qxd3 Nbd7 11. O-O O-O 12. Rab1 a5 13. a3 Re8 14. b4 axb4 15. axb4 b5 16. Qc2 Kg7 17. Rfc1 Nb6 18. Ne5 Qd6 19. Bf4 Qe6 20. Nd3 Nc4 21. Ra1 Ne4 22. h3 f6 23. Nxe4 dxe4 24. Nc5 Bxc5 25. dxc5 g5 26. Bg3 h5 27. Rxa8 Rxa8 28. Rd1 h4 29. Bd6 Ra3 30. Rd4 f5 31. Qd1 Kg6 32. Bc7 Qf6 33. Bd8 Qe5 34. Kh1 Ra2 35. Kg1 Ra8 36. Ba5 Rf8 37. Rd7 f4 38. Bc7 Qf5 39. exf4 gxf4 40. Rd6+ Nxd6 41. cxd6 Qd7 42. Qd4 Re8 43. Bb6 Kf5 44. Bc5 Re5 45. Qd1 Kg6 46. Qd2 Kf5 47. Qd1 Kg5 0-1


[Site "https://www.chess.com"]

[Event "Titled Tuesday Blitz January 31 Late 2023"]
[White "Harshavardhan G B"]
[Black "Zierk, Steven"]
[WhiteFideId "25059009"]
[BlackFideId "2034255"]
[WhiteElo "2408"]
[BlackElo "2488"]
[Result "0-1"]
[Round "03"]
[TimeControl "180+2"]
[Date "2023.01.31"]
[WhiteClock "0:00:06"]
[BlackClock "0:00:36"]

1. e4 e6 2. d4 d5 3. Nc3 Bb4 4. e5 c5 5. a3 Bxc3+ 6. bxc3 Qa5 7. Bd2 Qa4 8. h4 Ne7 9. h5 h6 10. Bd3 b6 11. Qg4 Kf8 12. Rh3 Nf5 13. Nf3 Nc6 14. Qf4 Ba6 15. g4 Bxd3 16. cxd3 Nfe7 17. dxc5 Qxf4 18. Bxf4 bxc5 19. Rb1 Rb8 20. Rxb8+ Nxb8 21. Ke2 Ke8 22. Be3 Nd7 23. Rh1 Kd8 24. c4 Kc7 25. Rb1 Kc6 26. Rb5 a6 27. Rb3 Nb6 28. Nd2 d4 29. Bf4 g6 30. hxg6 Nxg6 31. Bg3 h5 32. gxh5 Rxh5 33. f4 Ne7 34. Rb1 Nf5 35. Bf2 Na4 36. Rb8 Nc3+ 37. Kf1 Ne3+ 38. Bxe3 dxe3 39. Nf3 e2+ 40. Kf2 Rh1 41. Rc8+ Kd7 42. Rf8 Rf1+ 43. Kg2 Rxf3 44. Rxf7+ Ke8 45. Rf6 e1=Q 46. Rxe6+ Kd7 47. Rd6+ Kc7 48. Kxf3 Qe2+ 49. Kg3 Nd1 50. Kh4 Ne3 51. Kg5 Qg4+ 52. Kf6 Qxf4+ 53. Ke7 Qxe5+ 54. Re6 Nf5+ 55. Kf7 Qg7+ 56. Ke8 Qg8# 0-1


[Site "https://www.chess.com"]

[Event "Titled Tuesday Blitz January 31 Late 2023"]
[White "Cardoso Cardoso, Jose Gabriel"]
[Black "Chigaev, Maksim"]
[WhiteFideId "4430492"]
[BlackFideId "4108116"]
[WhiteElo "2492"]
[BlackElo "2628"]
[Result "0-1"]
[Round "03"]
[TimeControl "180+2"]
[Date "2023.01.31"]
[WhiteClock "0:00:05"]
[BlackClock "0:00:37"]

1. c4 e5 2. Nc3 Bb4 3. g3 Bxc3 4. bxc3 Nc6 5. Bg2 d6 6. d3 f5 7. Rb1 Nf6 8. Nf3 O-O 9. O-O Qe8 10. Bg5 b6 11. Nd2 Bd7 12. Bxf6 Rxf6 13. e3 Kh8 14. Qe2 Qe7 15. f4 Re8 16. Rbe1 Rff8 17. Qf2 Nd8 18. Nf3 c5 19. Nd2 Ne6 20. e4 fxe4 21. Rxe4 exf4 22. gxf4 Qf6 23. Rfe1 Nxf4 24. Qf3 Bc6 25. Rf1 Bxe4 26. Nxe4 Qg6 27. Kh1 Qxg2+ 28. Qxg2 Nxg2 29. Rxf8+ Rxf8 30. Kxg2 Kg8 31. a4 Rd8 32. Kf3 d5 33. cxd5 Rxd5 34. Ke3 Rh5 35. Nd6 Rxh2 36. Nc8 Rh3+ 37. Ke4 Rh4+ 38. Kd5 Rxa4 39. d4 cxd4 40. cxd4 h5 41. Nd6 h4 0-1


[Site "https://www.chess.com"]

[Event "Titled Tuesday Blitz January 31 Late 2023"]
[White "Mosadeghpour, Masoud"]
[Black "Erdogdu, Mert"]
[WhiteFideId "12519278"]
[BlackFideId "6301495"]
[WhiteElo "2472"]
[BlackElo "2413"]
[Result "1-0"]
[Round "03"]
[TimeControl "180+2"]
[Date "2023.01.31"]
[WhiteClock "0:02:12"]
[BlackClock "0:00:21"]

1. e4 c5 2. d4 cxd4 3. c3 dxc3 4. Nxc3 Nc6 5. Nf3 d6 6. Bc4 a6 7. O-O Nf6 8. Be3 Bg4 9. Qb3 Bh5 10. Qxb7 Na5 11. Qb4 Nxc4 12. Qxc4 Bxf3 13. gxf3 e6 14. e5 dxe5 15. Rfd1 Qc8 16. Qa4+ Nd7 17. Rac1 Qb7 18. Ne4 Be7 19. Bc5 Qb5 20. Qxb5 axb5 21. Bxe7 Kxe7 22. Rc7 Rhd8 23. Nc5 Rxa2 24. Rcxd7+ Rxd7 25. Rxd7+ Ke8 26. b3 Rc2 27. Rc7 Rc3 28. Nxe6 Rxb3 29. Nxg7+ Kf8 30. Nf5 f6 31. Kg2 h5 32. Rh7 Kg8 33. Rxh5 Rd3 34. Rh6 Kf7 35. Rh8 Ke6 36. Ne3 b4 37. Re8+ Kf7 38. Rb8 b3 39. Nc4 Kg6 40. Na5 Rd2 41. Nxb3 Rb2 42. Rb7 Kg5 43. Nc5 Rc2 44. Ne4+ Kf4 45. Nxf6 Kf5 46. Ne4 Kf4 47. Rf7# 1-0


[Site "https://www.chess.com"]

[Event "Titled Tuesday Blitz January 31 Late 2023"]
[White "Petkov, Momchil"]
[Black "Paravyan, David"]
[WhiteFideId "2921642"]
[BlackFideId "4194985"]
[WhiteElo "2522"]
[BlackElo "2601"]
[Result "0-1"]
[Round "03"]
[TimeControl "180+2"]
[Date "2023.01.31"]
[WhiteClock "0:00:06"]
[BlackClock "0:00:08"]

1. d4 Nf6 2. Nf3 d5 3. Bf4 c5 4. e3 Nc6 5. Nbd2 Qb6 6. dxc5 Qxb2 7. Rb1 Qc3 8. Bb5 e6 9. O-O Be7 10. e4 O-O 11. e5 Ne4 12. Nb3 Qb4 13. Bxc6 bxc6 14. Qd4 Qxd4 15. Nfxd4 Bd7 16. Be3 a5 17. a4 Rfb8 18. f3 Nc3 19. Ra1 Rb4 20. Bd2 Rc4 21. Bxc3 Rxc3 22. Rfb1 f6 23. f4 Rc4 24. Rd1 Rb8 25. Rd3 fxe5 26. fxe5 Bxc5 27. Nxc5 Rxc5 28. Rb3 Rxb3 29. cxb3 Rc3 30. b4 c5 31. bxc5 Rxc5 32. Nb3 Rc4 33. Nxa5 Rxa4 34. Rxa4 Bxa4 35. Kf2 Kf7 36. Ke3 Kg6 37. Kf4 Bc2 38. Nc6 h5 39. Nd4 Bf5 40. h3 h4 41. Nf3 Kh5 42. Nd4 g5+ 43. Ke3 Kg6 44. Nc6 Be4 45. Nd4 Bxg2 46. Nxe6 Bxh3 47. Nc7 Bf5 48. Nxd5 Be6 49. Ne7+ Kf7 50. Nc6 Kg6 51. Ne7+ Kf7 52. Nc6 Bd5 53. Nd4 h3 54. e6+ Kf6 55. e7 Kxe7 56. Nf5+ Kf6 57. Nh6 Kg6 58. Ng4 Kf5 59. Nh6+ Kg6 60. Ng4 Kh5 61. Nf6+ Kh4 62. Nxd5 h2 63. Ne7 h1=Q 64. Nf5+ Kh3 65. Kd4 g4 66. Ke5 Qf3 67. Nd4 Qe3+ 68. Kd5 g3 69. Nf5 Qf3+ 70. Ke5 g2 71. Nd4 Qg3+ 0-1


[Site "https://www.chess.com"]

[Event "Titled Tuesday Blitz January 31 Late 2023"]
[White "Predke, Alexandr"]
[Black "Oganian, Miran"]
[WhiteFideId "24107581"]
[BlackFideId "4122488"]
[WhiteElo "2685"]
[BlackElo "2439"]
[Result "0-1"]
[Round "03"]
[TimeControl "180+2"]
[Date "2023.01.31"]
[WhiteClock "0:00:02"]
[BlackClock "0:00:21"]

1. e4 e6 2. d4 d5 3. Nc3 Bb4 4. e5 c5 5. a3 Bxc3+ 6. bxc3 Ne7 7. Nf3 b6 8. c4 Ba6 9. dxc5 bxc5 10. Be3 d4 11. Bd2 Nbc6 12. Bd3 Ng6 13. O-O Ncxe5 14. Nxe5 Nxe5 15. Qh5 Nxd3 16. cxd3 Qc7 17. Rae1 O-O 18. Re5 Bb7 19. Rxc5 Qd7 20. Rg5 f6 21. Rg3 e5 22. Bh6 Rf7 23. Rb1 Bc6 24. h4 Re8 25. f3 Ba4 26. Rb2 Bc6 27. Rb4 f5 28. Rb2 e4 29. fxe4 fxe4 30. Rf2 Rxf2 31. Kxf2 e3+ 32. Ke1 g6 33. Qc5 Qf7 34. Qxd4 Qf2+ 35. Kd1 Qd2# 0-1


[Site "https://www.chess.com"]

[Event "Titled Tuesday Blitz January 31 Late 2023"]
[White "Oparin, Grigoriy"]
[Black "Wieczorek, Oskar"]
[WhiteFideId "24125890"]
[BlackFideId "1133950"]
[WhiteElo "2667"]
[BlackElo "2512"]
[Result "1-0"]
[Round "03"]
[TimeControl "180+2"]
[Date "2023.01.31"]
[WhiteClock "0:00:12"]
[BlackClock "0:00:04"]

1. Nc3 Nf6 2. e4 e5 3. Nf3 Nc6 4. h3 Bb4 5. Bd3 d6 6. O-O a6 7. Re1 O-O 8. Bf1 Bc5 9. d3 h6 10. g3 Nd4 11. Nxd4 Bxd4 12. Bg2 c6 13. Be3 Bxe3 14. Rxe3 Re8 15. d4 Qb6 16. Rd3 d5 17. dxe5 Nxe4 18. Nxe4 dxe4 19. Rd4 Bf5 20. g4 Bg6 21. Bxe4 Rxe5 22. Bxg6 fxg6 23. b3 Rae8 24. Qd3 Re2 25. Rf1 Qc5 26. c3 Qg5 27. a4 Kh7 28. b4 h5 29. a5 R8e5 30. Qg3 Re1 31. Rxe1 Rxe1+ 32. Kh2 Qc1 33. Qf3 Qg5 34. Re4 Rxe4 35. Qxe4 Qf6 36. Qe3 hxg4 37. hxg4 Qh4+ 38. Qh3 g5 39. Qxh4+ gxh4 40. f4 Kh6 41. Kh3 g5 42. fxg5+ Kxg5 43. c4 c5 44. bxc5 1-0


[Site "https://www.chess.com"]